 Dungeon Crawl Stone Soup version 0.31.0-32-g396128a36d (webtiles) character file.

Game seed: 2856704032541219009

1848272 Villent the Conqueror (level 27, 245/245 HPs)
             Began as a Minotaur Fighter on Apr 4, 2024.
             Was the Champion of the Shining One.
             Escaped with the Orb
             ... and 3 runes on Apr 6, 2024!
             The game lasted 03:07:32 (60021 turns).

Villent the Conqueror (Minotaur Fighter)           Turns: 60021, Time: 03:07:33

Health: 245/245    AC: 33    Str: 27 (28) XL:     27
Magic:  36/36      EV:  8    Int:  4      God:    the Shining One [******]
Gold:   5021       SH: 33    Dex: 16      Spells: 26/26 levels left

rFire   + + +        x - +9 broad axe (holy)
rCold   + + .        q - +8 tower shield {reflect}
rNeg    + + +        F - +2 gold dragon scales
rPois   +            (helmet restricted)
rElec   +            N - +2 cloak {rCorr}
rCorr   +            R - +2 pair of gloves of Uskayaw's Supremacy {rF+}
SInv    +            y - +0 pair of boots of Subjectivity {rPois Will+ SInv}
Will    +++..        U - amulet "Ikhluxtisk" {+Inv rPois rF+ Regen+} Stlth
                     X - ring of Midsummer {rPois rF+ rN+}
HPRegen 2.20/turn    O - ring of Agoffat {Ice rElec rPois rN+ rCorr}
MPRegen 0.25/turn

%: reflection
@: glowing, studying Shields
A: horns 2, retaliatory headbutt, talons 1, agile 1, deformed body,
deterioration 1, frail 1, regeneration 1, screaming 2, weak 2, evolution 1,
subdued magic 3, inability to drink after injury 1, inability to read after
injury 1
0: Orb of Zot
}: 3/15 runes: decaying, serpentine, silver
a: Renounce Religion, Evoke Invisibility, Divine Shield, Cleansing Flame, Summon
Divine Warrior


You escaped.
You worshipped the Shining One.
The Shining One was exalted by your worship.
You visited 11 branches of the dungeon, and saw 51 of its levels.
You visited the Abyss 1 time.
You visited 1 bazaar.
You also visited: Trove, Ossuary, Bailey, Ice Cave and Wizlab.

You collected 8808 gold pieces.
You spent 3787 gold pieces at shops.

Inventory:

Hand Weapons
 a - a +4 eudemon blade of holy wrath
 n - the +10 executioner's axe "Vajeseom" {freeze, ^Drain rC+++ rN+ Dex+4}
   (You found it on level 1 of the Swamp)

   Dex+4:     It affects your dexterity (+4).
   rC+++:     It renders you almost immune to cold.
   rN+:       It protects you from negative energy.
   ^Drain:    It drains your maximum health when unequipped.
 x - a +9 broad axe of holy wrath (weapon)
 L - the +11 broad axe of Deformation {spect, rElec rF- MP+9 Int+5}
   (You found it in a bailey)

   Int+5:     It affects your intelligence (+5).
   rF-:       It makes you vulnerable to fire.
   rElec:     It insulates you from electricity.
   MP+9:      It affects your magic capacity (+9).
Missiles
 V - a throwing net
Armour
 q - a +8 tower shield of reflection (worn)
 y - the +0 pair of boots of Subjectivity (worn) {rPois Will+ SInv}
   (You found it on level 3 of the Vaults)

   rPois:     It protects you from poison Will+: It increases your willpower.
   SInv:      It lets you see invisible.
 F - +2 gold dragon scales (worn)
 N - a +2 cloak of preservation (worn)
 R - the +2 pair of gloves of Uskayaw's Supremacy (worn) {rF+}
   (You found it on level 3 of the Vaults)

   rF+:       It protects you from fire.
Jewellery
 j - the ring of the Greedy {rElec rPois rF++ rC- rCorr}
   (You found it on level 5 of the Vaults)

   [ring of poison resistance]

   rF++:      It greatly protects you from fire.
   rC-:       It makes you vulnerable to cold.
   rElec:     It insulates you from electricity.
   rPois:     It protects you from poison rCorr: It protects you from acid and
   corrosion.
 B - the ring of Zouciu {Fire rN+ Str+4 Dex+3}
   (You found it on level 5 of the Vaults)

   [ring of fire]

   Fire:      It enhances your fire magic.
   Str+4:     It affects your strength (+4).
   Dex+3:     It affects your dexterity (+3).
   rF+:       It protects you from fire.
   rC-:       It makes you vulnerable to cold.
   rN+:       It protects you from negative energy.
 E - the ring of Voebod {Ice rCorr MP+9 Stlth+}
   (You took it off Josephina on level 2 of the Depths)

   [ring of ice]

   Ice:       It enhances your ice magic.
   rF-:       It makes you vulnerable to fire.
   rC+:       It protects you from cold.
   MP+9:      It affects your magic capacity (+9).
   rCorr:     It protects you from acid and corrosion.
   Stlth+:    It makes you more stealthy.
 O - the ring of Agoffat (right hand) {Ice rElec rPois rN+ rCorr}
   (You found it on level 8 of the Dungeon)

   [ring of ice]

   Ice:       It enhances your ice magic.
   rF-:       It makes you vulnerable to fire.
   rC+:       It protects you from cold.
   rElec:     It insulates you from electricity.
   rPois:     It protects you from poison rN+: It protects you from negative
   energy.
   rCorr:     It protects you from acid and corrosion.
 U - the amulet "Ikhluxtisk" (around neck) {+Inv rPois rF+ Regen+}
   (You bought it in a shop in a bazaar)

   [amulet of regeneration]

   rF+:       It protects you from fire.
   rPois:     It protects you from poison +Inv: It lets you turn invisible.
   Regen+:    It increases your rate of health regeneration.
 X - the ring of Midsummer (left hand) {rPois rF+ rN+}
   (You bought it in a shop in a bazaar)

   [ring of positive energy]

   rF+:       It protects you from fire.
   rPois:     It protects you from poison rN+: It protects you from negative
   energy.
 Z - the ring of Ru's Indignation {^Drain rF++ rCorr}
   (You found it in a treasure trove)

   [ring of resist corrosion]

   rF++:      It greatly protects you from fire.
   rCorr:     It protects you from acid and corrosion.
   ^Drain:    It drains your maximum health when unequipped.
Wands
 k - a wand of flame (99)
 s - a wand of polymorph (43)
 C - a wand of digging (7) (quivered)
 M - a wand of iceblast (53)
 Q - a wand of acid (40)
 S - a wand of mindburst (61)
 T - a wand of charming (46)
Scrolls
 b - 12 scrolls of poison
 h - 16 scrolls of immolation
 m - 3 scrolls of fear
 o - 4 scrolls of revelation
 p - 17 scrolls of teleportation
 r - 3 scrolls of brand weapon
 t - 2 scrolls of vulnerability
 v - 31 scrolls of identify
 G - 2 scrolls of silence
 J - 10 scrolls of fog
 Y - 8 scrolls of amnesia
Potions
 c - a potion of invisibility
 d - 5 potions of brilliance
 e - 7 potions of attraction
 f - 10 potions of lignification
 g - 8 potions of ambrosia
 i - 4 potions of enlightenment
 w - 16 potions of curing
 z - 4 potions of resistance
 A - 7 potions of magic
 H - 8 potions of berserk rage
 P - 6 potions of might
Miscellaneous
 l - a lightning rod (4/4)
 D - a phantom mirror
 I - a condenser vane
 K - a box of beasts
 W - a phial of floods (inert)


   Skills:
 O Level 27 Fighting
 O Level 27 Axes
 O Level 27 Armour
 O Level 27 Shields
 + Level 20.7 Invocations
 - Level 5.0 Evocations


You had 26 spell levels left.
You didn't know any spells.
Your spell library contained the following spells:

 Spells                   Type           Power      Damage    Failure   Level
 Apportation              Tloc           0%         N/A       95%         1
 Foxfire                  Conj/Fire      0%         2x1d4     95%         1
 Freeze                   Ice            0%         1d3       95%         1
 Magic Dart               Conj           0%         1d3       95%         1
 Necrotise                Necr           0%         1d4       95%         1
 Sandblast                Erth           0%         2d4       95%         1
 Sting                    Conj/Alch      0%         1d3       95%         1
 Summon Small Mammal      Summ           0%         N/A       95%         1
 Blink                    Tloc           0%         N/A       99%         2
 Call Imp                 Summ           0%         N/A       99%         2
 Ensorcelled Hibernation  Hex/Ice        0%         N/A       99%         2
 Jinxbite                 Hex            0%         N/A       99%         2
 Lesser Beckoning         Tloc           0%         N/A       99%         2
 Mercury Vapours          Alch/Air       0%         N/A       99%         2
 Momentum Strike          Conj/Tloc      0%         3d8       99%         2
 Scorch                   Fire           0%         2d5       99%         2
 Call Canine Familiar     Summ           0%         N/A       100%        3
 Dazzling Flash           Conj/Hex       0%         N/A       100%        3
 Frozen Ramparts          Ice            0%         1d1       100%        3
 Fugue of the Fallen      Necr           0%         N/A       100%        3
 Gell's Gravitas          Tloc           0%         N/A       100%        3
 Hailstorm                Conj/Ice       0%         3d5       100%        3
 Inner Flame              Hex/Fire       0%         N/A       100%        3
 Ozocubu's Armour         Ice            0%         N/A       100%        3
 Passwall                 Erth           0%         N/A       100%        3
 Sigil of Binding         Hex            0%         N/A       100%        3
 Stone Arrow              Conj/Erth      0%         3d7       100%        3
 Summon Ice Beast         Ice/Summ       0%         N/A       100%        3
 Swiftness                Air            0%         N/A       100%        3
 Teleport Other           Tloc           0%         N/A       100%        3
 Vampiric Draining        Necr           0%         2d6       100%        3
 Volatile Blastmotes      Fire/Tloc      0%         2d10      100%        3
 Airstrike                Air            0%         2d(0-16)  100%        4
 Anguish                  Hex/Necr       0%         N/A       100%        4
 Animate Armour           Summ/Erth      0%         N/A       100%        4
 Animate Dead             Necr           0%         N/A       100%        4
 Brom's Barrelling Bould  Conj/Erth      0%         2d3       100%        4
 Dimensional Bullseye     Hex/Tloc       0%         N/A       100%        4
 Fulminant Prism          Conj/Alch      0%         3d5       100%        4
 Ignite Poison            Fire/Alch      0%         N/A       100%        4
 Iskenderun's Mystic Bla  Conj/Tloc      0%         2d3       100%        4
 Manifold Assault         Tloc           0%         N/A       100%        4
 Martyr's Knell           Necr/Summ      0%         N/A       100%        4
 Olgreb's Toxic Radiance  Alch           0%         N/A       100%        4
 Sticky Flame             Fire/Alch      0%         2d4       100%        4
 Summon Blazeheart Golem  Fire/Summ      0%         N/A       100%        4
 Summon Lightning Spire   Summ/Air       0%         N/A       100%        4
 Vhi's Electric Charge    Tloc/Air       0%         N/A       100%        4
 Alistair's Intoxication  Alch           0%         N/A       100%        5
 Arcjolt                  Conj/Air       0%         1d10      100%        5
 Borgnjor's Vile Clutch   Necr/Erth      0%         N/A       100%        5
 Curse of Agony           Necr           0%         N/A       100%        5
 Fireball                 Conj/Fire      0%         3d3       100%        5
 Irradiate                Conj/Alch      0%         3d11      100%        5
 Iskenderun's Battlesphe  Conj           0%         2d6       100%        5
 Lee's Rapid Deconstruct  Erth           0%         3d4*      100%        5
 Metabolic Englaciation   Hex/Ice        0%         N/A       100%        5
 Silence                  Hex/Air        0%         N/A       100%        5
 Summon Mana Viper        Hex/Summ       0%         N/A       100%        5
 Yara's Violent Unravell  Hex/Alch       0%         3d3       100%        5
 Bombard                  Conj/Erth      0%         9d1       100%        6
 Conjure Ball Lightning   Conj/Air       0%         3x3d6     100%        6
 Death Channel            Necr           0%         N/A       100%        6
 Dispersal                Tloc           0%         N/A       100%        6
 Eringya's Noxious Bog    Alch           0%         4d6       100%        6
 Plasma Beam              Fire/Air       0%         2x1d10    100%        6
 Sculpt Simulacrum        Ice/Alch       0%         N/A       100%        6
 Starburst                Conj/Fire      0%         6d3       100%        6
 Enfeeble                 Hex            0%         N/A       100%        7
 Haunt                    Necr/Summ      0%         N/A       100%        7
 Monstrous Menagerie      Summ           0%         N/A       100%        7
 Orb of Destruction       Conj           0%         9d5       100%        7
 Ozocubu's Refrigeration  Ice            0%         4d7       100%        7
 Spellforged Servitor     Conj/Summ      0%         N/A       100%        7
 Disjunction              Tloc           0%         N/A       100%        8
 Ignition                 Fire           0%         3d3       100%        8
 Infestation              Necr           0%         N/A       100%        8
 Maxwell's Capacitive Co  Air            0%         ∞         100%        8
 Polar Vortex             Ice            0%         N/A       100%        9


Dungeon Overview and Level Annotations

Branches:
Dungeon (15/15)            Temple (1/1) D:4            Lair (5/5) D:9
  Swamp (4/4) Lair:3        Snake (4/4) Lair:3        Slime (0/5) Lair:4
    Orc (2/2) D:10            Elf (3/3) Orc:2        Vaults (5/5) D:14
  Crypt (3/3) Vaults:2       Tomb (0/3) Crypt:3      Depths (4/4) D:15
    Zot (5/5) Depths:4    Ossuary (visited)          Bailey (visited)
  IceCv (visited)          WizLab (visited)

Altars:
Ashenzari
Cheibriados
Dithmenos
Elyvilon
Fedhas
Gozag
Hepliaklqana
Kikubaaqudgha
Makhleb
Nemelex Xobeh
Okawaru
Qazlal
Ru
Sif Muna
Trog
Uskayaw
Vehumet
Wu Jian
Xom
Yredelemnul
Zin
The Shining One
Jiyva

Shops:
D:1 ?   D:3 =   D:9 *   Orc:1 *(*!   Orc:2 =*(   Elf:3 :   Vaults:1 *
Vaults:2 ?   Vaults:4 (   Depths:2 =:=[   Depths:4 (*(

Portals:
Hell: Depths:1 Depths:2 Depths:3 Depths:4
Abyss: Depths:1 Depths:3
Pandemonium: Orc:2 Depths:2
Ziggurat: Depths:1

Annotations:
Crypt:1 Khufu


Innate Abilities, Weirdness & Mutations

You have a pair of horns on your head.
You reflexively headbutt those who attack you in melee.
You have sharp toenails.
You are agile. (Dex +4, Str/Int -1)
Armour fits poorly on your strangely shaped body.
Your body sometimes deteriorates upon taking damage.
You are frail. (-10% HP)
Your natural rate of healing is unusually fast.
You frequently scream uncontrollably at your foes.
You are very weak. (Str -4)
You have hidden genetic potential.
Your spells are much easier to cast, but much less powerful.
You occasionally lose the ability to drink potions when taking damage.
You occasionally lose the ability to read scrolls when taking damage.


Message History

You can't see that place. [the floor.]
The rock shatters into small pieces.
You block the rat's attack. You block the rat's attack.
The rat attacks as it pursues you! You block the rat's attack.
You block the rat's attack.
You slice the rat!!
You kill the rat!
The rat's corpse dissolves into shadows!
You hit the quokka but do no damage. You block the quokka's attack.
You block the quokka's attack.
The shadow demon gestures.
You block the quokka's attack. You block the bat's attack.
You slash the shadow demon!
The shadow demon convulses!
You headbutt the shadow demon!!
The shadow demon is severely wounded.
You hit the bat.
You kill the bat!
The bat's corpse dissolves into shadows!
You slash the quokka!
You kill the quokka!
The quokka's corpse dissolves into shadows!
You slash the kobold!
You kill the kobold!
The kobold's corpse dissolves into shadows!
The dart slug dissolves into shadows!
You block the shadow demon's attack.
You hit the shadow demon.
The shadow demon convulses.
The shadow demon is almost dead.
You block the shadow demon's attack.
You slash the goblin!
You kill the goblin!
The goblin's corpse dissolves into shadows!
You slash the shadow demon!
You kill the shadow demon!
The Shining One accepts your kill.
An Orb Guardian comes into view.
There is a staircase leading out of the dungeon here.
You can't go down here!
You have escaped!

#....##.....##### #
##....######.#### #
#.....#####.(...# #
#.#.###....##.#.# #
#.....§.#####...# #
#..'§§§##.......# #
#.X#§§..#.....### ###
#..≈....≈.....# #..
#..≈.@⌠.≈.....# #..
#..≈....≈.....# #..
#..#....#.....# #..
#.##.≈≈###≈≈########..
#.#.....#....#........
#.#.....≈....≈........
#.#.....≈.⌠..≈........
#÷#.....≈....≈...#####
#.#.....#....#..##


You could see an Orb Guardian.

Vanquished Creatures
  2 dread liches (Crypt:3)
  Frederick (Vaults:5)
  Mennas (Vaults:2)
  4 orbs of fire
  Xtahua (Vaults:3)
  Sojobo (Crypt:2)
  2 pandemonium lords
  Boris (thrice) (Crypt:2 Vaults:4 Vaults:5)
  Josephina (Depths:2)
  A royal mummy (Crypt:1)
  A Killer Klown (Zot:4)
  Bai Suzhen (Vaults:3)
  The ghost of Ugguttuj the Peltast, a veteran DrWn of Okawaru (Vaults:3)
  Saint Roka (Depths:2)
  A curse toe (Zot:4)
  A caustic shrike (Depths:3)
  7 golden dragons
  3 doom hounds (Depths:2)
  A Brimstone Fiend (D:9)
  3 bone dragons
  A Tzitzimitl (Depths:2)
  Jorgrun (Elf:1)
  Rupert (D:12)
  12 tentacled monstrosities
  Zenata (Vaults:3)
  Grunn (Depths:2)
  The ghost of po7itron the Warrior, an adept MiFi of Okawaru (Elf:2)
  8 liches
  16 Orb Guardians
  Asterion (Snake:1)
  A titan (Vaults:5)
  6 quicksilver dragons
  6 sphinxes
  3 deep elf master archers
  4 deep elf blademasters
  A walking divine tome (Depths:4)
  7 ancient champions
  6 death cobs
  2 Executioners
  3 tentacled starspawn (Abyss:3)
  Frances (Snake:1)
  3 acid blobs (Depths:2)
  3 thorn hunters
  Agnes (Elf:1)
  9 shadow dragons
  9 tengu reavers
  5 azure jellies (Depths:2)
  3 revenants
  A draconian monk (Zot:1)
  4 nagarajas
  4 rockslimes (Depths:2)
  4 draconian knights
  2 protean progenitors (Zot:4)
  Donald (Vaults:3)
  6 storm dragons
  4 fenstrider witches
  11 vault wardens
  5 draconian shifters
  9 frost giants
  5 draconian scorchers
  2 iron dragons
  7 fire giants
  A daeva (D:3)
  6 deep elf sorcerers (Elf:3)
  2 deep elf elementalists (Elf:3)
  6 curse skulls
  3 orc warlords
  2 ghost moths (Zot:5)
  3 angels (Depths:2)
  9 ghouls
  5 quicksilver oozes (Depths:2)
  A spriggan defender (Depths:3)
  2 draconian stormcallers
  17 very ugly things
  A reaper (IceCv)
  13 ironbound preservers
  3 cacodemons
  14 stone giants
  3 caustic shrike skeletons (Crypt:3)
  4 draconian annihilators
  12 ironbound thunderhulks
  A starflower (WizLab)
  A demonspawn corrupter (Zot:4)
  A formless jellyfish (Vaults:4)
  9 vampire knights
  8 deep elf demonologists
  A putrid mouth (Depths:2)
  10 deep elf death magi
  3 lorocyprocas
  6 eleionomae
  2 spark wasps (Depths:4)
  4 yellow draconians
  8 green draconians
  8 deep elf annihilators
  8 war gargoyles
  7 black draconians
  4 bunyips
  4 purple draconians
  12 red draconians
  5 white draconians
  8 dire elephants
  9 ettins
  4 eidola
  A blizzard demon (D:9)
  Snorg (D:10)
  A crystal guardian (Vaults:4)
  7 entropy weavers
  4 jiangshi
  The ghost of Lunarhour the Fighter, a journeyman MiBe of Trog (Lair:1)
  15 fire dragons
  Fannar (Orc:1)
  4 rakshasas
  5 deep elf high priests
  2 shambling mangroves
  3 ogre magi
  27 vault guards
  A hell beast (Depths:2)
  13 great orbs of eyes
  A salamander tyrant (Snake:4)
  6 ice dragons
  12 yaktaur captains
  19 hydras
  2 demonspawn (Orc:2)
  3 catoblepae
  8 ghost crabs
  8 alligators
  3 peacekeepers (Vaults:4)
  9 ironbound frosthearts
  8 anacondas
  A spriggan skeleton (Crypt:1)
  3 spriggan air magi
  40 dancing weapons
  11 two-headed ogres
  8 centaur warriors
  3 deep troll shamans
  5 satyrs
  5 boulder beetles
  12 orc high priests
  A two-headed ogre (shapeshifter) (Vaults:5)
  6 tengu warriors
  10 vampire magi
  A death knight (Crypt:1)
  6 deep troll earth magi
  3 spriggan berserkers
  20 naga warriors
  A thrashing horror (Abyss:3)
  9 shock serpents
  24 hell knights
  2 sun demons (Orc:2)
  11 deep elf knights
  2 soul eaters (Crypt:1)
  21 naga sharpshooters
  3 sixfirhies
  17 skeletal warriors
  3 wretched stars (Abyss:3)
  8 salamander mystics
  4 shadow wraiths
  3 iron trolls
  Amaemon (Lair:2)
  3 cherubim (Depths:2)
  2 skysharks
  8 goliath frogs
  3 mana vipers (Snake:3)
  A sea snake (shapeshifter) (Vaults:5)
  4 glowing orange brains
  4 flayed ghosts
  4 sea snakes (Snake:3)
  A shadow demon (D:1)
  37 deep trolls
  A sun moth (shapeshifter) (Snake:2)
  3 arcanists
  A glowing orange brain (shapeshifter) (Vaults:5)
  2 spriggan druids (Swamp:4)
  11 bog bodies
  13 swamp dragons
  2 obsidian statues
  12 deep elf archers
  20 lindwurms
  An anaconda zombie (Crypt:3)
  11 orc knights
  12 phantasmal warriors
  4 naga ritualists
  18 ironbound convokers
  A wolf spider (Vaults:5)
  9 necromancers
  An anaconda skeleton (Crypt:1)
  26 deep elf pyromancers
  19 deep elf zephyrmancers
  10 harpies
  2 shining eyes (Depths:2)
  A tengu skeleton (Vaults:4)
  A steelbarb worm (shapeshifter) (Vaults:5)
  A wolf spider zombie (Crypt:1)
  A salamander (shapeshifter) (Elf:3)
  2 tengu zombies
  An oklob plant (WizLab)
  7 cyclopes
  A stone giant zombie (Crypt:3)
  24 ugly things
  2 jorogumo skeletons
  2 fauns (WizLab)
  8 orc sorcerers
  A worldbinder (Abyss:3)
  A moth of wrath (shapeshifter) (Vaults:5)
  4 will-o-the-wisps
  2 stone giant skeletons (Crypt:3)
  18 salamanders
  2 manticores
  A kobold blastminer (Orc:2)
  7 moths of wrath
  A shining eye (shapeshifter) (Lair:5)
  2 toenail golems
  19 vault sentinels
  3 elephants (Lair:4)
  33 black mambas
  6 large abominations
  An eye of devastation (shapeshifter) (Depths:3)
  A spectral boulder beetle (D:10)
  2 ice statues (IceCv)
  2 rust devils
  4 torpor snails (Lair:5)
  3 guardian serpents
  4 smoke demons (Abyss:3)
  3 centaur zombies (D:10)
  28 naga magi
  9 spectral spriggans (Swamp:1)
  5 cane toads
  A death yak zombie (Crypt:2)
  6 gargoyles
  Maggie (Lair:2)
  An alligator snapping turtle zombie (Crypt:1)
  An orange demon (Lair:2)
  6 unseen horrors (Depths:1)
  18 yaktaurs
  3 naga skeletons (Crypt:3)
  An efreet (Zot:4)
  An alligator snapping turtle skeleton (Crypt:3)
  A tormentor (Depths:2)
  A hellion (D:11)
  3 rime drakes
  2 tengu conjurers (Depths:1)
  8 freezing wraiths
  7 komodo dragons
  5 ice devils (IceCv)
  A queen bee (shapeshifter) (Elf:2)
  3 guardian mummies (Crypt:3)
  3 polar bears
  A silent spectre (Vaults:2)
  A polar bear (shapeshifter) (D:13)
  7 trolls
  21 tyrant leeches
  Grinder (D:5)
  4 bloated husks
  A hellwing (Zot:2)
  A tengu simulacrum (Depths:2)
  18 hornets
  A meliai zombie (D:10)
  A glass eye (Depths:2)
  2 raiju
  6 dream sheep (Lair:3)
  12 blink frogs
  An ettin zombie (Crypt:3)
  A fire giant simulacrum (Depths:2)
  14 slime creatures
  A frost giant simulacrum (Depths:2)
  A culicivora (Vaults:1)
  8 spriggans
  A centaur simulacrum (D:10)
  A spectral black mamba (D:10)
  7 shadows
  3 vampires
  2 ynoxinuls
  7 water elementals
  2 fire dragon skeletons (Crypt:3)
  2 air elementals
  11 wraiths
  A black mamba skeleton (Crypt:2)
  A spriggan (shapeshifter) (D:15)
  7 wyverns
  19 fire elementals
  65 yaks
  10 basilisks
  15 starcursed masses (Abyss:3)
  3 wargs
  4 steam dragons
  9 vampire mosquitoes
  A merfolk zombie (Crypt:1)
  4 chaos spawn
  5 redbacks
  Edmund (D:4)
  A hydra simulacrum (Abyss:3)
  58 nagas
  9 swamp worms
  6 small abominations
  An acid dragon (shapeshifter) (D:14)
  3 acid dragons
  A hell hound (D:10)
  Duvessa (D:5)
  2 glowing shapeshifter skeletons (Vaults:2)
  2 harpy simulacra (IceCv)
  16 water moccasins
  3 black bears
  A fire bat skeleton (Crypt:1)
  3 boulder beetle simulacra (D:10)
  5 ice beasts
  A sky beast (D:7)
  33 laughing skulls
  11 swamp drakes
  49 orc warriors
  14 boggarts
  A swamp dragon zombie (Crypt:2)
  3 ogres
  16 wolves
  13 centaurs
  A phantom (D:7)
  12 weeping skulls
  A komodo dragon zombie (Crypt:1)
  A kobold brigand (D:7)
  A human zombie (Vaults:4)
  7 bullfrogs
  2 earth elementals (Elf:2)
  5 two-headed ogre simulacra (IceCv)
  A gnoll sergeant (D:6)
  3 cane toad simulacra (IceCv)
  A glowing shapeshifter simulacrum (Depths:2)
  A water moccasin zombie (Crypt:1)
  2 scorpions
  Dowan (D:5)
  6 wights
  2 elephant simulacra (IceCv)
  17 killer bees
  A polar bear skeleton (Crypt:2)
  9 howler monkeys
  A troll skeleton (Crypt:2)
  An electric eel (Lair:4)
  A bombardier beetle (D:4)
  5 centaur skeletons (Ossuary)
  2 hounds
  2 spectral scorpions (Ossuary)
  26 orc priests
  A sleepcap (D:7)
  2 jellies (Lair:4)
  6 iguanas
  A gnoll bouda (D:9)
  31 orc wizards
  4 hell rats (D:10)
  A polar bear simulacrum (IceCv)
  A troll simulacrum (IceCv)
  3 spriggan simulacra (IceCv)
  An acid dragon zombie (Crypt:1)
  A crocodile zombie (Ossuary)
  An ogre skeleton (Crypt:2)
  18 mummies
  2 howler monkey zombies (D:10)
  6 adders
  13 gnolls
  A naga simulacrum (IceCv)
  3 white imps
  12 ufetubi
  A jelly zombie (Crypt:2)
  4 ribbon worms
  2 dart slugs
  87 orcs
  3 bats
  11 endoplasms
  5 giant cockroaches
  A gnoll zombie (Crypt:2)
  9 hobgoblins
  5 jackals
  5 kobolds
  5 quokkas
  6 ball pythons
  5 frilled lizards
  2 gnoll skeletons
  20 goblins
  A jackal zombie (Crypt:1)
  2 orc skeletons (Ossuary)
  A quokka zombie (Crypt:2)
  4 rats
  10 spectral rats (Ossuary)
  A spectral weapon (Snake:1)
  4 starspawn tentacles (Abyss:3)
2340 creatures vanquished.

Vanquished Creatures (collateral kills)
  A deep elf death mage (Elf:3)
  A vault guard (Vaults:5)
  A deep elf knight (Elf:3)
  An orc high priest (Orc:2)
  A goliath frog (Swamp:2)
  3 orc knights
  A will-o-the-wisp (Swamp:3)
  A moth of wrath (Vaults:2)
  A hornet (Swamp:2)
  A spriggan (Swamp:2)
  A naga (Snake:3)
  A swamp worm (Swamp:2)
  An orc warrior (Orc:2)
  A sky beast (D:7)
  An ogre (D:7)
  5 orc priests (Orc:2)
  3 orc wizards
  4 orcs
  A hobgoblin (Bailey)
  A kobold (D:7)
31 creatures vanquished.

Vanquished Creatures (others)
  A thorn hunter (Swamp:3)
  A frost giant (Vaults:5)
  A bunyip (Swamp:4)
  A rakshasa (Depths:1)
  3 dancing weapons
  An alligator (Swamp:3)
  A deep troll earth mage (Vaults:2)
  A deep troll (Vaults:5)
  A quicksilver dragon simulacrum (Depths:2)
  A deep elf pyromancer (Elf:1)
  A bloated husk (Swamp:1)
  A tyrant leech (Swamp:4)
  A hornet (Swamp:4)
  A yak (Lair:5)
  A swamp worm (Swamp:2)
  28 foxfires
  39 spectral weapons
  7 starspawn tentacles (Abyss:3)
91 creatures vanquished.

Grand Total: 2462 creatures vanquished

Notes
Turn   | Place    | Note
-------+----------+-------------------------------------------
     0 | D:1      | Villent the Minotaur Fighter began the quest for the Orb.
     0 | D:1      | Reached XP level 1. HP: 19/19 MP: 0/0
   146 | D:1      | Found Teoss's Magic Scroll Boutique.
   158 | D:1      | Reached XP level 2. HP: 27/27 MP: 1/1
   234 | D:1      | Found a faded altar of an unknown god.
  1203 | D:2      | Reached XP level 3. HP: 33/33 MP: 2/2
  1816 | D:3      | Found Maic's Jewellery Emporium.
  2077 | D:3      | Reached XP level 4. HP: 41/41 MP: 3/3
  2467 | D:4      | Noticed a scorpion
  2469 | D:4      | Found a staircase to the Ecumenical Temple.
  2472 | D:4      | Killed a scorpion
  2473 | D:4      | Reached skill level 5 in Fighting
  2473 | D:4      | Reached XP level 5. HP: 44/48 MP: 4/4
  2505 | Temple   | Entered the Ecumenical Temple
  2573 | Temple   | Became a worshipper of Xom of Chaos
  2649 | D:4      | Reached skill level 5 in Axes
  2653 | D:4      | Reached XP level 6. HP: 53/57 MP: 5/5
  2950 | D:4      | Found a shimmering blue altar of Sif Muna.
  2955 | D:4      | Noticed an orc warrior
  2963 | D:4      | Killed an orc warrior
  2964 | D:4      | Reached skill level 5 in Shields
  2973 | D:4      | Got Sif Muna's Omnibus of Ashes
  3122 | D:4      | Found a bloodstained altar of Trog.
  3361 | D:4      | XOM is BORED!
  3361 | D:4      | XOM: silly message
  3452 | D:4      | Noticed Edmund
  3467 | D:4      | Killed Edmund
  3468 | D:4      | Reached XP level 7. HP: 41/64 MP: 6/6
  3484 | D:4      | XOM: divination: detect creatures
  3547 | D:4      | You fall into a shaft and drop 2 floors!
  3592 | D:5      | Entered Level 5 of the Dungeon
  3625 | D:5      | Noticed Duvessa
  3626 | D:5      | Noticed Dowan
  3638 | D:5      | Killed Duvessa
  3641 | D:5      | Killed Dowan
  3673 | D:5      | XOM: draining
  3730 | D:5      | XOM: 1-stop teleportation journey
  3831 | D:5      | XOM: summons 4 hostile shadow creatures
  3889 | D:5      | XOM: divination: magic mapping
  4207 | D:5      | XOM: silly message
  4284 | D:5      | Noticed Grinder
  4297 | D:5      | XOM: potion effect (heal wounds)
  4299 | D:5      | Killed Grinder
  4300 | D:5      | Reached XP level 8. HP: 72/75 MP: 7/7
  4301 | D:5      | Found a sand-covered staircase.
  4310 | Ossuary  | Entered an ossuary
  4379 | Ossuary  | XOM: silly message
  4617 | Ossuary  | XOM: silly message
  5171 | D:5      | XOM: silly message
  5391 | D:4      | XOM: divination: detect creatures
  5401 | D:4      | XOM: silly message
  5546 | D:5      | XOM: divination: magic mapping
  5774 | D:6      | XOM is BORED!
  5774 | D:6      | XOM: give mutations
  5774 | D:6      | Gained mutation: You occasionally lose the ability to drink
                  | potions when taking damage. [Xom's mischief]
  5774 | D:6      | Gained mutation: Armour fits poorly on your strangely
                  | shaped body. [Xom's mischief]
  5774 | D:6      | Gained mutation: Your body sometimes deteriorates upon
                  | taking damage. [Xom's mischief]
  5774 | D:6      | Gained mutation: You are vulnerable to cold. (rC-) [Xom's
                  | mischief]
  5832 | D:6      | XOM: scenery: 1 doors close
  5901 | D:6      | XOM: god gift: +2 broad axe of chaos
  6030 | D:6      | Reached XP level 9. HP: 42/85 MP: 8/8
  6348 | D:6      | Reached skill level 10 in Fighting
  6441 | D:6      | Found a snail-covered altar of Cheibriados.
  6536 | D:6      | XOM: give mutation
  6536 | D:6      | Gained mutation: You are partially covered in large bone
                  | plates. (SH +4) [Xom's grace]
  6694 | D:6      | XOM: god gift: phantom mirror
  6922 | D:7      | Reached skill level 10 in Axes
  7078 | D:7      | XOM: 1-stop teleportation journey
  7147 | D:7      | XOM: noise
  7292 | D:7      | Found a hide-covered altar of Uskayaw.
  7292 | D:7      | Found a glowing silver altar of Zin.
  7664 | D:7      | Reached XP level 10. HP: 92/96 MP: 9/9
  8029 | D:7      | XOM: polymorph hound -> kobold
  8039 | D:7      | Lost mutation: Your body sometimes deteriorates upon taking
                  | damage. [potion of mutation]
  8039 | D:7      | Lost mutation: You are partially covered in large bone
                  | plates. (SH +4) [potion of mutation]
  8039 | D:7      | Lost mutation: Armour fits poorly on your strangely shaped
                  | body. [potion of mutation]
  8039 | D:7      | Gained mutation: You are partially covered in iridescent
                  | scales. (AC +2) [potion of mutation]
  8040 | D:7      | Lost mutation: You are vulnerable to cold. (rC-) [potion of
                  | mutation]
  8040 | D:7      | Lost mutation: You occasionally lose the ability to drink
                  | potions when taking damage. [potion of mutation]
  8040 | D:7      | Lost mutation: You are partially covered in iridescent
                  | scales. (AC +2) [potion of mutation]
  8040 | D:7      | Gained mutation: Your flesh is heat resistant. (rF+)
                  | [potion of mutation]
  8040 | D:7      | Gained mutation: You have large cloven feet. [potion of
                  | mutation]
  8041 | D:7      | Lost mutation: You have large cloven feet. [potion of
                  | mutation]
  8041 | D:7      | Lost mutation: Your flesh is heat resistant. (rF+) [potion
                  | of mutation]
  8041 | D:7      | Gained mutation: You are dopey. (Int -2) [potion of
                  | mutation]
  8041 | D:7      | Gained mutation: You have very sharp teeth. [potion of
                  | mutation]
  8041 | D:7      | Gained mutation: You expend magic power (3 MP) to
                  | strengthen your wands. [potion of mutation]
  8041 | D:7      | Gained mutation: You are strong-willed. (Will+) [potion of
                  | mutation]
  8064 | D:7      | XOM: polymorph wyvern -> iguana
  8161 | D:8      | Found a flagged portal.
  8185 | Bailey   | Entered a bailey
  8426 | Bailey   | Noticed an orc knight
  8429 | Bailey   | XOM: divination: magic mapping
  8435 | Bailey   | Killed an orc knight
  8520 | Bailey   | XOM: god gift: runed bone wand {god gift}
  8534 | Bailey   | Noticed an orc warlord
  8564 | Bailey   | Killed an orc warlord
  8606 | Bailey   | XOM: noise
  8654 | Bailey   | XOM: cloud trail
  8795 | Bailey   | Identified the +11 broad axe of Deformation {spect, rElec
                  | rF- MP+9 Int+5}
  8913 | D:8      | XOM: confuse monster(s)
  8965 | D:8      | XOM: silly message
  9039 | D:8      | Identified the +2 whip "Goblinbane" {antimagic, rN+ Str-3
                  | Int+3 Dex+4}
  9093 | D:8      | XOM: cast spell 'Iskenderun's Battlesphere'
  9155 | D:8      | Reached XP level 11. HP: 106/107 MP: 10/10
  9294 | D:8      | XOM: confuse monster(s)
  9444 | D:8      | Identified the ring of Agoffat {Ice rElec rPois rN+ rCorr}
  9626 | D:8      | XOM: scenery: summon butterflies
  9802 | D:9      | Reached skill level 10 in Shields
  9941 | D:9      | XOM: give mutations
  9941 | D:9      | Gained mutation: You are partially covered in iridescent
                  | scales. (AC +2) [Xom's mischief]
  9941 | D:9      | Gained mutation: You occasionally lose the ability to drink
                  | potions when taking damage. [Xom's mischief]
 10006 | D:9      | Identified the +3 ring mail "Tishrerine" {-Tele +Inv rPois
                  | rF+}
 10066 | D:9      | Found a stormy altar of Qazlal.
 10101 | D:9      | XOM: silly message
 10126 | D:9      | Found a staircase to the Lair.
 10145 | D:9      | Noticed an obsidian statue
 10155 | D:9      | Identified the -2 pair of gloves "Afritaygg" {*Corrode rF++
                  | Str+6}
 10159 | D:9      | Killed an obsidian statue
 10242 | D:9      | XOM: polymorph yak -> wyvern
 10316 | D:9      | Found Yvocootsi's Assorted Antiques.
 10326 | D:9      | Bought a scroll of identify for 64 gold pieces
 10626 | D:9      | XOM: divination: detect items
 10644 | D:10     | Entered Level 10 of the Dungeon
 10721 | D:10     | Identified the +3 leather armour of the Equator {rC+
                  | Slay+2}
 10861 | D:10     | Found a staircase to the Orcish Mines.
 10882 | D:10     | Noticed Snorg
 10883 | D:10     | XOM: polymorph hell rat -> ufetubus
 10886 | D:10     | Paralysed by a hornet for 1 turns
 10892 | D:10     | Killed Snorg
 10894 | D:10     | XOM: divination: detect creatures
 10899 | D:10     | Reached skill level 5 in Armour
 10927 | D:10     | XOM: divination: magic mapping
 10950 | D:10     | XOM: enchant monster (bad)
 10952 | D:10     | Noticed a two-headed ogre
 10955 | D:10     | XOM: summons 2 friendly demons
 10959 | D:10     | XOM: divination: magic mapping
 10960 | D:10     | Killed a two-headed ogre
 11229 | D:10     | XOM: divination: magic mapping
 11241 | D:10     | Found a portal to a secret trove of treasure.
 11307 | D:10     | Reached XP level 12. HP: 117/118 MP: 11/11
 11352 | D:10     | Found a basalt altar of Yredelemnul.
 11373 | D:10     | Reached skill level 15 in Fighting
 11373 | D:10     | Reached skill level 15 in Axes
 11373 | D:10     | Reached XP level 13. HP: 125/127 MP: 12/12
 11470 | D:10     | Found a glowing golden altar of the Shining One.
 11546 | D:10     | Found a shadowy altar of Dithmenos.
 11989 | Lair:1   | Entered Level 1 of the Lair of Beasts
 11990 | Lair:1   | Found a runed translucent door.
 11995 | Lair:1   | Noticed Lunarhour's ghost (journeyman MiBe)
 12003 | Lair:1   | XOM: cast spell 'Death Channel'
 12005 | Lair:1   | Killed Lunarhour's ghost
 12867 | Orc:1    | Entered Level 1 of the Orcish Mines
 12886 | Orc:1    | Found Romnanon's General Store.
 12891 | Orc:1    | Found Neogimeo's General Store.
 12891 | Orc:1    | Found Vaowits's Antique Weapon Shop.
 12903 | Orc:1    | XOM: confusion
 12981 | D:10     | XOM: scenery: 1 doors close
 13049 | D:10     | XOM: fog
 13125 | Orc:1    | XOM: confuse monster(s)
 13187 | Orc:1    | Bought a potion of berserk rage for 55 gold pieces
 13187 | Orc:1    | Bought 2 potions of heal wounds for 110 gold pieces
 13190 | Orc:1    | Bought a scroll of revelation for 120 gold pieces
 13190 | Orc:1    | Bought a scroll of identify for 32 gold pieces
 13294 | Orc:2    | Entered Level 2 of the Orcish Mines
 13298 | Orc:2    | XOM: confuse monster(s)
 13359 | Orc:2    | Found a staircase to the Elven Halls.
 13744 | Orc:2    | Found Voovuawk's Magic Scroll Boutique.
 13748 | Orc:2    | Found Aloghorgh's General Store.
 13749 | Orc:2    | XOM: potion effect (haste)
 13751 | Orc:2    | XOM: cast spell 'Disjunction'
 13761 | Orc:2    | XOM: confusion
 13763 | Orc:2    | XOM: cleaving
 13854 | Orc:2    | XOM: confusion (+ monsters)
 13876 | Orc:1    | XOM: god gift: potion of mutation
 14088 | Orc:1    | Lost mutation: You occasionally lose the ability to drink
                  | potions when taking damage. [potion of mutation]
 14088 | Orc:1    | Lost mutation: You are dopey. (Int -2) [potion of mutation]
 14088 | Orc:1    | Lost mutation: You have very sharp teeth. [potion of
                  | mutation]
 14088 | Orc:1    | Gained mutation: You are frail. (-10% HP) [potion of
                  | mutation]
 14094 | Orc:1    | XOM: chaos upgrade
 14095 | Orc:1    | XOM: confusion
 14098 | Orc:1    | Reached skill level 10 in Armour
 14099 | Orc:1    | XOM: silly message
 14102 | Orc:1    | Found Ucimynos's Distillery.
 14142 | Orc:1    | Bought a potion of heal wounds for 80 gold pieces
 14142 | Orc:1    | Bought a potion of resistance for 160 gold pieces
 14142 | Orc:1    | Bought a potion of curing for 48 gold pieces
 14142 | Orc:1    | Bought a potion of heal wounds for 80 gold pieces
 14193 | Orc:1    | Noticed Fannar
 14199 | Orc:1    | Killed Fannar
 14417 | Orc:2    | Bought a potion of curing for 54 gold pieces
 14417 | Orc:2    | Bought a scroll of summoning for 171 gold pieces
 14417 | Orc:2    | Bought a scroll of identify for 36 gold pieces
 14507 | Orc:2    | Reached XP level 14. HP: 68/124 MP: 13/13
 14896 | Orc:2    | XOM: cast spell 'Fugue of the Fallen'
 14901 | Orc:2    | XOM: scenery: create altars
 14910 | Orc:2    | XOM: scenery: summon butterflies
 15035 | Orc:2    | Found Jaek's Jewellery Emporium.
 15035 | Orc:2    | Found Ewul's Antique Weapon Shoppe.
 15036 | Orc:2    | Found a one-way gate leading to the halls of Pandemonium.
 15336 | D:11     | XOM: divination: detect creatures
 15578 | D:11     | XOM: cast spell 'Iskenderun's Battlesphere'
 15816 | D:11     | XOM: give mutation
 15816 | D:11     | Gained mutation: You have large cloven feet. [Xom's grace]
 16096 | D:12     | XOM: 1-stop teleportation journey
 16104 | D:12     | XOM: destruction
 16123 | D:12     | XOM: give mutations
 16123 | D:12     | Gained mutation: Your mind is acute. (Int +4, Str/Dex -1)
                  | [Xom's grace]
 16123 | D:12     | Gained mutation: You have very sharp teeth. [Xom's grace]
 16123 | D:12     | Gained mutation: Your spells are a little harder to cast,
                  | but a little more powerful. [Xom's grace]
 16241 | D:12     | XOM: cleaving
 16245 | D:12     | XOM: swap monsters
 16273 | D:12     | Noticed Rupert
 16274 | D:12     | XOM: 3-stop teleportation journey
 16275 | D:12     | XOM: cast spell 'Summon Ice Beast'
 16338 | D:12     | Killed Rupert
 16434 | D:12     | Identified a scroll of acquirement
 16434 | D:12     | Acquired the -2 kite shield of Nokenwee {SInv}
 16788 | D:12     | XOM: divination: detect creatures
 16842 | D:13     | XOM: divination: magic mapping
 16843 | D:13     | XOM: summons friendly iron imp
 16869 | D:13     | Found a frozen archway.
 16878 | IceCv    | Entered an ice cave
 17361 | IceCv    | XOM: stat loss: -1 Dex (8/9)
 17365 | IceCv    | Reached skill level 15 in Shields
 17367 | IceCv    | XOM: swap monsters
 17587 | IceCv    | XOM: summons 4 hostile shadow creatures
 17608 | IceCv    | Noticed a reaper
 17609 | IceCv    | XOM: smoke on damage
 17614 | IceCv    | Killed a reaper
 17646 | IceCv    | Lost mutation: You have large cloven feet. [potion of
                  | mutation]
 17646 | IceCv    | Lost mutation: You have very sharp teeth. [potion of
                  | mutation]
 17646 | IceCv    | Gained mutation: You are vulnerable to cold. (rC-) [potion
                  | of mutation]
 18100 | D:13     | XOM: give mutations
 18100 | D:13     | Lost mutation: You are frail. (-10% HP) [Xom's mischief]
 18100 | D:13     | Lost mutation: You are vulnerable to cold. (rC-) [Xom's
                  | mischief]
 18207 | D:13     | XOM: 9-stop teleportation journey
 18432 | D:14     | XOM: stealth player
 18641 | D:14     | XOM: 2-stop teleportation journey
 18658 | D:14     | XOM: summons friendly ufetubus
 18854 | D:14     | XOM: 1-stop teleportation journey
 18995 | D:14     | Found a gate to the Vaults.
 19078 | D:14     | XOM: god gift: javelin
 19428 | D:15     | Entered Level 15 of the Dungeon
 19432 | D:15     | Reached XP level 15. HP: 149/149 MP: 14/14
 19438 | D:15     | Lost mutation: Your mind is acute. (Int +4, Str/Dex -1)
                  | [potion of mutation]
 19438 | D:15     | Lost mutation: Your spells are a little harder to cast, but
                  | a little more powerful. [potion of mutation]
 19438 | D:15     | Gained mutation: You are vulnerable to cold. (rC-) [potion
                  | of mutation]
 19438 | D:15     | Gained mutation: You passively dampen the noise of your
                  | surroundings. [potion of mutation]
 19439 | D:15     | XOM: noise
 19609 | D:15     | Identified the staff of Exquisite Death {Conj Fire}
 19615 | D:15     | XOM: divination: magic mapping
 19618 | D:15     | XOM: cast spell 'Iskenderun's Battlesphere'
 19637 | D:15     | Found an opulent altar of Gozag.
 19691 | D:15     | XOM: enchant monster (good)
 19709 | D:15     | XOM: confuse monster(s)
 19804 | D:15     | Found a staircase to the Depths.
 19975 | D:15     | Identified the +5 spear of Iconoclasm {vamp, rC- Int+5}
 20025 | D:15     | Lost mutation: You are vulnerable to cold. (rC-) [potion of
                  | mutation]
 20025 | D:15     | Lost mutation: You are strong-willed. (Will+) [potion of
                  | mutation]
 20025 | D:15     | Gained mutation: Your mind is acute. (Int +4, Str/Dex -1)
                  | [potion of mutation]
 20025 | D:15     | Gained mutation: You possess an exceptional clarity of
                  | mind. [potion of mutation]
 20304 | Lair:2   | XOM: cast spell 'Iskenderun's Battlesphere'
 20410 | Lair:2   | XOM: confuse monster(s)
 20459 | Lair:2   | XOM: swap monsters
 20466 | Lair:2   | Noticed Amaemon
 20466 | Lair:2   | XOM: 2-stop teleportation journey
 20473 | Lair:2   | Killed Amaemon
 20678 | Lair:2   | Noticed Maggie
 20685 | Lair:2   | Killed Maggie
 20705 | Lair:2   | XOM: swap monsters
 20739 | Lair:2   | XOM: destruction
 21184 | Lair:3   | Found a staircase to the Swamp.
 21186 | Lair:3   | XOM: cast spell 'Alistair's Intoxication'
 21188 | Lair:3   | XOM: enchant monster (good)
 21421 | Lair:3   | Identified the +3 leather armour of Sunlight {Harm Slay+3}
 21442 | Lair:3   | Found a staircase to the Snake Pit.
 21820 | Lair:4   | XOM: summons friendly ynoxinul
 21850 | Lair:4   | Found a viscous altar of Jiyva.
 21850 | Lair:4   | Found a staircase to the Slime Pits.
 22085 | Lair:4   | XOM: scenery: summon butterflies
 22203 | Lair:4   | XOM: scenery: create altars
 22391 | Lair:5   | Entered Level 5 of the Lair of Beasts
 22394 | Lair:5   | XOM: divine lightning
 22396 | Lair:5   | XOM: polymorph water moccasin -> adder
 22402 | Lair:5   | XOM: summons 4 friendly demons
 22420 | Lair:5   | XOM: 2-stop teleportation journey
 22708 | Lair:5   | XOM: give mutations
 22708 | Lair:5   | Gained mutation: You are mostly covered in iridescent
                  | scales. (AC +4) [Xom's grace]
 22708 | Lair:5   | Gained mutation: Your flesh is heat resistant. (rF+) [Xom's
                  | grace]
 22708 | Lair:5   | Gained mutation: You have hidden genetic potential. [Xom's
                  | grace]
 22708 | Lair:5   | Gained mutation: Your muscles are strong. (Str +4, Int/Dex
                  | -1) [Xom's grace]
 22766 | Lair:5   | XOM: summons friendly quasit
 23149 | Lair:5   | Reached XP level 16. HP: 143/160 MP: 15/15
 23181 | Lair:5   | XOM: noise
 23414 | Lair:5   | XOM: polymorph torpor snail -> glowing shapeshifter
 23441 | Lair:5   | XOM: enchant monster (good)
 23982 | D:10     | XOM: noise
 24051 | D:10     | XOM: divination: magic mapping
 24100 | Elf:1    | XOM: stealth player
 24100 | Elf:1    | Entered Level 1 of the Elven Halls
 24101 | Elf:1    | Paralysed by an air elemental for 1 turns
 24362 | Elf:1    | XOM: chaos cloud
 24522 | Elf:1    | XOM: enchant monster (good)
 24574 | Elf:1    | XOM: 1-stop teleportation journey
 24695 | Elf:1    | Found a magical portal.
 24708 | WizLab   | Entered Eringya's Formal Garden
 24832 | WizLab   | Paralysed by a hornet for 1 turns
 24885 | WizLab   | Paralysed by a fenstrider witch for 3 turns
 24887 | WizLab   | XOM: summons 5 friendly demons
 24889 | WizLab   | XOM: noise
 24892 | WizLab   | Reached skill level 15 in Armour
 25047 | WizLab   | XOM: butterfly on damage
 25358 | WizLab   | Noticed a deep elf master archer
 25358 | WizLab   | XOM: give mutations
 25358 | WizLab   | Lost mutation: You are mostly covered in iridescent scales.
                  | (AC +4) [Xom's mischief]
 25358 | WizLab   | Lost mutation: You expend magic power (3 MP) to strengthen
                  | your wands. [Xom's mischief]
 25358 | WizLab   | Gained mutation: Your magical capacity is low. (-10% MP)
                  | [Xom's mischief]
 25358 | WizLab   | Lost mutation: You have hidden genetic potential. [Xom's
                  | mischief]
 25366 | WizLab   | Killed a deep elf master archer
 25629 | WizLab   | XOM: summons 1 hostile demon
 25756 | WizLab   | Got Eringya's Atlas of Toxicity
 25768 | WizLab   | Noticed a thorn hunter
 25776 | WizLab   | Killed a thorn hunter
 25869 | WizLab   | Noticed a thorn hunter
 25876 | WizLab   | Found a blossoming altar of Fedhas.
 25876 | WizLab   | XOM: silly message
 25877 | WizLab   | a thorn hunter changed into a starflower
 25877 | WizLab   | XOM: polymorph thorn hunter -> starflower
 25988 | WizLab   | Noticed a deep elf master archer
 25991 | WizLab   | Killed a deep elf master archer
 26035 | WizLab   | XOM: torment (84/162 hp)
 26094 | WizLab   | XOM: give mutations
 26094 | WizLab   | Lost mutation: You are partially covered in iridescent
                  | scales. (AC +2) [Xom's mischief]
 26094 | WizLab   | Gained mutation: Your mind is very acute. (Int +8, Str/Dex
                  | -2) [Xom's mischief]
 26094 | WizLab   | Lost mutation: Your mind is very acute. (Int +8, Str/Dex
                  | -2) [Xom's mischief]
 26094 | WizLab   | Lost mutation: Your magical capacity is low. (-10% MP)
                  | [Xom's mischief]
 26428 | Elf:1    | Noticed Agnes
 26433 | Elf:1    | Killed Agnes
 26723 | Elf:1    | Found a gateway to a bazaar.
 26723 | Elf:1    | Noticed Jorgrun
 26744 | Elf:1    | Killed Jorgrun
 26794 | Elf:1    | XOM: give mutations
 26794 | Elf:1    | Lost mutation: Your flesh is heat resistant. (rF+) [Xom's
                  | mischief]
 26794 | Elf:1    | Gained mutation: You are clumsy. (Dex -2) [Xom's mischief]
 26794 | Elf:1    | Lost mutation: Your muscles are strong. (Str +4, Int/Dex
                  | -1) [Xom's mischief]
 26794 | Elf:1    | Gained mutation: Your system is resistant to poisons.
                  | (rPois) [Xom's mischief]
 26796 | Bazaar   | Entered a bazaar
 26796 | Bazaar   | Found Sexaif's Jewellery Shoppe.
 26796 | Bazaar   | Found Ecvigoorch's Book Shoppe.
 26797 | Bazaar   | Found Ihitergho's Magic Scroll Emporium.
 26797 | Bazaar   | Found Simoz's Weapon Emporium.
 26815 | Bazaar   | Bought a scroll of teleportation for 33 gold pieces
 26815 | Bazaar   | Bought a scroll of poison for 44 gold pieces
 26821 | Bazaar   | Bought the ring of Midsummer {rPois rF+ rN+} for 496 gold
                  | pieces
 26821 | Bazaar   | Bought the amulet "Ikhluxtisk" {+Inv rPois rF+ Regen+} for
                  | 717 gold pieces
 26839 | Bazaar   | XOM: polymorph merfolk -> black mamba
 26941 | Elf:1    | XOM: stat loss: -1 Int (13/14)
 27042 | Elf:1    | XOM: give mutations
 27042 | Elf:1    | Gained mutation: You have an increased reservoir of magic.
                  | (+10% MP) [Xom's mischief]
 27042 | Elf:1    | Gained mutation: Your flesh is heat resistant. (rF+) [Xom's
                  | mischief]
 27193 | Elf:2    | Found a runed translucent door.
 27209 | Elf:2    | Noticed po7itron's ghost (adept MiFi)
 27242 | Elf:2    | XOM: torment (99/162 hp)
 27314 | Elf:2    | XOM: summons 9 hostile demons
 27354 | Elf:2    | XOM: polymorph deep elf archer -> raiju
 27356 | Elf:2    | XOM: enchant monster (good)
 27451 | Elf:2    | XOM: polymorph deep elf zephyrmancer -> shapeshifter
 27465 | Elf:2    | Reached XP level 17. HP: 162/170 MP: 17/17
 27692 | Elf:2    | XOM: confuse monster(s)
 27695 | Elf:2    | XOM: divine lightning
 27708 | Elf:2    | Noticed a deep elf blademaster
 27708 | Elf:2    | XOM: 7-stop teleportation journey
 27855 | Elf:2    | XOM: destruction
 27939 | Elf:2    | Found a runed translucent gate.
 27939 | Elf:2    | Found a runed translucent gate.
 27939 | Elf:2    | Found a runed translucent gate.
 28013 | Elf:2    | XOM: summons friendly iron imp
 28054 | Elf:2    | Killed a deep elf blademaster
 28489 | D:10     | You paid a toll of a +6 demon trident to enter a treasure
                  | trove
 28490 | Trove    | Entered a treasure trove
 28523 | Trove    | Identified the ring of Ru's Indignation {^Drain rF++ rCorr}
 28556 | Trove    | Identified the +6 quarterstaff of Okawaru's Hatred {freeze,
                  | Dex+3 SInv}
 28718 | Elf:2    | Reached XP level 18. HP: 180/180 MP: 18/18
 28720 | Elf:2    | Reached skill level 5 in Evocations
 28720 | Elf:2    | Reached XP level 19. HP: 189/189 MP: 19/19
 28722 | Elf:2    | Reached XP level 20. HP: 198/198 MP: 21/21
 28757 | Elf:2    | XOM: cast spell 'Metabolic Englaciation'
 28830 | Elf:2    | XOM: smoke on damage
 29107 | Elf:2    | Killed po7itron's ghost
 29180 | Elf:3    | Entered Level 3 of the Elven Halls
 29340 | Elf:3    | Paralysed by an air elemental for 1 turns
 29448 | Elf:3    | XOM: silly message
 29474 | Elf:3    | XOM: silly message
 29506 | Abyss:3  | Cast into level 3 of the Abyss (a deep elf sorcerer)
 29572 | Abyss:3  | XOM: polymorph red very ugly thing -> green very ugly thing
 29733 | Abyss:3  | XOM: give mutation
 29733 | Abyss:3  | Gained mutation: You are somewhat resistant to further
                  | mutation. [Xom's grace]
 29771 | Abyss:3  | XOM: enchant monster (good)
 29808 | Abyss:3  | XOM: give mutation
 29808 | Abyss:3  | Gained mutation: You are occasionally teleported next to
                  | monsters. [Xom's mischief]
 29813 | Abyss:3  | Paralysed by accursed screaming for 1 turns
 29847 | Abyss:3  | XOM: give mutations
 29847 | Abyss:3  | Lost mutation: You are occasionally teleported next to
                  | monsters. [Xom's mischief]
 29847 | Abyss:3  | Gained mutation: Your mind is very acute. (Int +8, Str/Dex
                  | -2) [Xom's mischief]
 29847 | Abyss:3  | Lost mutation: Your system is resistant to poisons. (rPois)
                  | [Xom's mischief]
 29847 | Abyss:3  | Gained mutation: Armour fits poorly on your strangely
                  | shaped body. [Xom's mischief]
 29848 | Abyss:3  | XOM: summons friendly crimson imp
 29913 | Abyss:3  | XOM: summons friendly ufetubus
 29947 | Elf:3    | Escaped the Abyss
 29956 | Elf:3    | XOM: enchant monster (good)
 30151 | Elf:3    | Identified the +6 war axe of Plog {freeze, rC- rCorr Int+3}
 30170 | Elf:3    | Identified the +5 ring mail of Ifioqias {-Tele ^Drain rPois
                  | Int+10}
 30180 | Elf:3    | XOM: cast spell 'Summon Ice Beast'
 30181 | Elf:3    | XOM: divination: magic mapping
 30365 | Elf:3    | XOM: scenery: 2 doors open
 30395 | Elf:3    | XOM: give mutations
 30395 | Elf:3    | Lost mutation: Your flesh is heat resistant. (rF+) [Xom's
                  | mischief]
 30395 | Elf:3    | Gained mutation: You have sharp toenails. [Xom's mischief]
 30395 | Elf:3    | Lost mutation: You have an increased reservoir of magic.
                  | (+10% MP) [Xom's mischief]
 30395 | Elf:3    | Lost mutation: You are clumsy. (Dex -2) [Xom's mischief]
 30529 | Elf:3    | Identified the +3 quarterstaff "Pikigi Saer" {protect,
                  | rPois rC- rCorr Str+3}
 30531 | Elf:3    | Found Gies's Vocational Training.
 30540 | Elf:3    | Identified the +10 plate armour of Disguise {+Inv Will-
                  | Dex+3}
 30540 | Elf:3    | Identified the ring "Torche Dieph" {rC- rN++ rCorr Int+2
                  | Stlth-}
 30546 | Elf:3    | XOM: summons 2 friendly demons
 30629 | Elf:3    | XOM: confuse monster(s)
 30885 | Elf:3    | Identified the +3 long sword "Omischev" {flame, rC+ Int+4}
 31103 | Elf:3    | XOM: polymorph larval firebat beast -> scorpion
 31113 | Elf:3    | Got the Omnibus of Unified Despair
 31116 | Elf:3    | Got the Cyclopedia of Electricity and Excavation
 31132 | Elf:3    | XOM: scenery: summon butterflies
 31163 | Elf:3    | Identified the +2 scale mail of the Lion {rN+ Will+ Str-2}
 31211 | Elf:3    | XOM: give mutations
 31211 | Elf:3    | Lost mutation: Armour fits poorly on your strangely shaped
                  | body. [Xom's mischief]
 31211 | Elf:3    | Lost mutation: You passively dampen the noise of your
                  | surroundings. [Xom's mischief]
 31211 | Elf:3    | Gained mutation: Armour fits poorly on your strangely
                  | shaped body. [Xom's mischief]
 31321 | Elf:3    | Reached XP level 21. HP: 179/209 MP: 20/20
 31540 | Elf:3    | XOM: divination: detect creatures
 31660 | D:10     | XOM: cloud trail
 31766 | Swamp:1  | Entered Level 1 of the Swamp
 31936 | Swamp:1  | XOM: noise
 32336 | Swamp:1  | XOM: noise
 32434 | Swamp:1  | XOM: cast spell 'Fugue of the Fallen'
 32456 | Swamp:1  | Identified the +10 executioner's axe "Vajeseom" {freeze,
                  | ^Drain rC+++ rN+ Dex+4}
 32478 | Swamp:1  | XOM: divination: detect items
 32485 | Swamp:1  | XOM: silly message
 32539 | Swamp:1  | XOM: silly message
 32570 | Swamp:1  | XOM: silly message
 32603 | Swamp:1  | XOM: silly message
 32810 | Swamp:2  | XOM: potion effect (haste)
 32815 | Swamp:2  | XOM: confuse monster(s)
 33487 | Swamp:3  | XOM: cloud trail
 33781 | Swamp:4  | Entered Level 4 of the Swamp
 33817 | Swamp:4  | XOM: confuse monster(s)
 33831 | Swamp:4  | XOM: summons friendly shadow imp
 33834 | Swamp:4  | XOM: divination: detect items
 33914 | Swamp:3  | XOM: divination: detect creatures
 34350 | Swamp:4  | Got a decaying rune of Zot
 34726 | Snake:1  | Entered Level 1 of the Snake Pit
 34743 | Snake:1  | Lost mutation: Armour fits poorly on your strangely shaped
                  | body. [potion of mutation]
 34743 | Snake:1  | Lost mutation: You have sharp toenails. [potion of
                  | mutation]
 34743 | Snake:1  | Lost mutation: Your mind is very acute. (Int +8, Str/Dex
                  | -2) [potion of mutation]
 34743 | Snake:1  | Gained mutation: You have sharp toenails. [potion of
                  | mutation]
 34862 | Snake:1  | XOM: god gift: rapier {god gift}
 34867 | Snake:1  | Noticed Asterion
 34874 | Snake:1  | Killed Asterion
 35036 | Snake:1  | Noticed Frances
 35039 | Snake:1  | XOM: summons 6 friendly demons
 35041 | Snake:1  | Killed Frances
 35142 | Snake:1  | XOM: destruction
 35373 | Snake:1  | XOM: god gift: 5 large rocks
 35426 | Snake:1  | XOM: cloud trail
 35657 | Snake:2  | XOM: enchant monster (good)
 35742 | Snake:2  | XOM: polymorph naga warrior -> shapeshifter
 36018 | Snake:2  | Found a hide-covered altar of Uskayaw.
 36077 | Snake:2  | XOM: cleaving
 36378 | Snake:2  | XOM: scenery: 2 doors close
 36525 | Snake:3  | XOM: summons 2 friendly demons
 36530 | Snake:3  | Reached XP level 22. HP: 222/222 MP: 21/21
 36531 | Snake:3  | XOM: scenery: summon butterflies
 36830 | Snake:3  | XOM: confuse monster(s)
 37160 | Snake:3  | XOM: polymorph guardian serpent -> wolf
 37597 | Snake:4  | Entered Level 4 of the Snake Pit
 37598 | Snake:4  | XOM: cast spell 'Fugue of the Fallen'
 37645 | Snake:4  | XOM: give mutation
 37645 | Snake:4  | Gained mutation: Your muscles are strong. (Str +4, Int/Dex
                  | -1) [Xom's grace]
 37713 | Snake:4  | XOM: potion effect (attraction)
 37790 | Snake:4  | XOM: potion effect (attraction)
 37935 | Snake:4  | XOM: silly message
 37941 | Snake:4  | XOM: potion effect (attraction)
 38442 | D:1      | Bought a scroll of brand weapon for 95 gold pieces
 38442 | D:1      | Bought a scroll of enchant armour for 75 gold pieces
 38735 | Snake:2  | XOM: cloud trail
 38857 | Snake:4  | Found a shadowy altar of Dithmenos.
 38884 | Snake:4  | XOM: stat loss: -1 Str (39/40)
 39221 | Snake:4  | XOM: draining
 39424 | Snake:4  | Got a serpentine rune of Zot
 39903 | D:13     | XOM: silly message
 39980 | Vaults:1 | Entered Level 1 of the Vaults
 40017 | Vaults:1 | Found Ewne Ket's General Store.
 40033 | Vaults:1 | Bought a phial of floods for 680 gold pieces
 40033 | Vaults:1 | Bought a potion of might for 68 gold pieces
 40033 | Vaults:1 | Bought a potion of resistance for 170 gold pieces
 40096 | Vaults:1 | XOM: repel stairs
 40102 | Vaults:1 | XOM: swap monsters
 40103 | Vaults:1 | XOM: summons 2 friendly demons
 40666 | Vaults:1 | XOM: repel stairs
 40717 | Vaults:1 | XOM: chaos upgrade
 41039 | Vaults:2 | Reached XP level 23. HP: 229/232 MP: 22/22
 41221 | Vaults:2 | XOM: summons friendly shadow imp
 41255 | Vaults:2 | Noticed Mennas
 41259 | Vaults:2 | XOM: fake destruction
 41265 | Vaults:2 | Killed Mennas
 41385 | Vaults:2 | Found Gacoh's Magic Scroll Shop.
 41390 | Vaults:2 | Bought a scroll of teleportation for 48 gold pieces
 41390 | Vaults:2 | Bought a scroll of teleportation for 48 gold pieces
 41390 | Vaults:2 | Bought a scroll of blinking for 120 gold pieces
 41390 | Vaults:2 | Bought a scroll of blinking for 120 gold pieces
 41413 | Vaults:2 | Found a staircase to the Crypt.
 41591 | Vaults:2 | XOM: noise
 41623 | Vaults:2 | XOM: cast spell 'Dispersal'
 41710 | Vaults:2 | XOM: god gift: glowing scale mail {god gift}
 41867 | Vaults:2 | Found a transporter.
 41988 | Vaults:2 | XOM: cleaving
 42229 | Vaults:2 | XOM: give mutations
 42229 | Vaults:2 | Lost mutation: You are somewhat resistant to further
                  | mutation. [Xom's mischief]
 42229 | Vaults:2 | Gained mutation: You are robust. (+10% HP) [Xom's mischief]
 42288 | Vaults:2 | Found a transporter.
 42288 | Vaults:2 | Found a runed translucent door.
 42288 | Vaults:2 | Found a bloodstained altar of Trog.
 42288 | Vaults:2 | Found the +8 Wrath of Trog {antimagic, *Rage Rampage}
 42292 | Vaults:2 | XOM: summons 12 friendly demons
 42295 | Vaults:2 | XOM: divination: detect creatures
 42316 | Vaults:2 | XOM: cast spell 'Fugue of the Fallen'
 42337 | Vaults:2 | Identified the +9 great mace "Ohunoump" {flame, Str+3
                  | Dex+3}
 42341 | Vaults:2 | Identified the +7 chain mail of Bimyal {rC+ Regen+ Dex-2}
 42379 | Vaults:2 | XOM: summons 9 friendly demons
 42548 | Vaults:2 | Lost mutation: You are robust. (+10% HP) [potion of
                  | mutation]
 42548 | Vaults:2 | Lost mutation: You possess an exceptional clarity of mind.
                  | [potion of mutation]
 42548 | Vaults:2 | Gained mutation: Armour fits poorly on your strangely
                  | shaped body. [potion of mutation]
 42548 | Vaults:2 | Gained mutation: Your flesh is cold resistant. (rC+)
                  | [potion of mutation]
 42548 | Vaults:2 | Gained mutation: Your spells are a little easier to cast,
                  | but a little less powerful. [potion of mutation]
 42548 | Vaults:2 | Gained mutation: You are robust. (+10% HP) [potion of
                  | mutation]
 42549 | Vaults:2 | Lost mutation: Your spells are a little easier to cast, but
                  | a little less powerful. [potion of mutation]
 42549 | Vaults:2 | Lost mutation: Armour fits poorly on your strangely shaped
                  | body. [potion of mutation]
 42549 | Vaults:2 | Gained mutation: Your mind is very acute. (Int +8, Str/Dex
                  | -2) [potion of mutation]
 42549 | Vaults:2 | Lost mutation: You are robust. (+10% HP) [potion of
                  | mutation]
 42853 | D:8      | XOM: give mutations
 42853 | D:8      | Gained mutation: You passively map a small area around you.
                  | [Xom's grace]
 42853 | D:8      | Gained mutation: Your muscles are very strong. (Str +8,
                  | Int/Dex -2) [Xom's grace]
 42853 | D:8      | Gained mutation: Your flesh is very cold resistant. (rC++)
                  | [Xom's grace]
 43273 | D:10     | Fell from the grace of Xom
 43273 | D:10     | Became a worshipper of the Shining One
 43498 | Crypt:1  | Entered Level 1 of the Crypt
 43517 | Crypt:1  | Reached * piety under the Shining One
 43792 | Crypt:1  | Reached ** piety under the Shining One
 43800 | Crypt:1  | Reached skill level 1 in Invocations
 43924 | Crypt:1  | Found a hide-covered altar of Uskayaw.
 43924 | Crypt:1  | Reached *** piety under the Shining One
 44017 | Crypt:1  | Noticed Khufu
 44017 | Crypt:1  | Noticed a royal mummy
 44027 | Crypt:1  | Killed a royal mummy
 44229 | Crypt:1  | Identified the +0 ring mail of the Imp {rPois rN+++ Str+2
                  | Int-2}
 44341 | Crypt:1  | XOM: noise
 44363 | Crypt:1  | Reached **** piety under the Shining One
 44539 | Crypt:2  | XOM: noise
 44663 | Crypt:2  | Reached ***** piety under the Shining One
 44663 | Crypt:2  | Noticed Sojobo
 44676 | Crypt:2  | Killed Sojobo
 44993 | Crypt:2  | XOM: swap monsters
 44994 | Crypt:2  | Found a transporter.
 45007 | Crypt:2  | Noticed Boris
 45007 | Crypt:2  | Reached ****** piety under the Shining One
 45009 | Crypt:2  | Identified a +7 broad axe of holy wrath (a +5 broad axe of
                  | flaming blessed by the Shining One)
 45009 | Crypt:2  | Received a gift from the Shining One
 45022 | Crypt:2  | Killed Boris
 45030 | Crypt:2  | XOM: give mutations
 45030 | Crypt:2  | Gained mutation: Your movements are slightly less
                  | encumbered by armour. (ER -2) [Xom's grace]
 45030 | Crypt:2  | Gained mutation: You are agile. (Dex +4, Str/Int -1) [Xom's
                  | grace]
 45066 | Crypt:2  | Found a transporter.
 45206 | Crypt:2  | XOM: give mutations
 45206 | Crypt:2  | Gained mutation: Your movements are less encumbered by
                  | armour. (ER -4) [Xom's mischief]
 45206 | Crypt:2  | Gained mutation: Your system is resistant to poisons.
                  | (rPois) [Xom's mischief]
 45206 | Crypt:2  | Lost mutation: Your mind is very acute. (Int +8, Str/Dex
                  | -2) [Xom's mischief]
 45506 | Crypt:3  | Entered Level 3 of the Crypt
 45568 | Crypt:3  | Reached XP level 24. HP: 244/244 MP: 25/25
 45762 | Crypt:3  | Identified the staff of Ash {rElec rN+ Str-5 Summ Necro}
 45764 | Crypt:3  | Identified the +3 chain mail "Zuipu" {rElec rF+ rC+}
 46056 | Crypt:3  | Found a staircase to the Tomb.
 46094 | Crypt:3  | Identified the +5 battleaxe of Absolution {drain, Str+6}
 46222 | Crypt:3  | XOM: summons 2 hostile shadow creatures
 46642 | Crypt:3  | Found an ancient bone altar of Kikubaaqudgha.
 46654 | Crypt:3  | Noticed a dread lich
 46655 | Crypt:3  | Paralysed by a dread lich for 5 turns
 46660 | Crypt:3  | Killed a dread lich
 46661 | Crypt:3  | Reached skill level 5 in Invocations
 46665 | Crypt:3  | Noticed a dread lich
 46669 | Crypt:3  | Killed a dread lich
 47246 | Vaults:3 | Noticed Bai Suzhen
 47262 | Vaults:3 | Killed Bai Suzhen
 47365 | Vaults:3 | Found a runed translucent gate.
 47365 | Vaults:3 | Found a runed translucent gate.
 47365 | Vaults:3 | Found a runed translucent gate.
 47367 | Vaults:3 | Noticed Ugguttuj's ghost (veteran DrWn)
 47445 | Vaults:3 | Noticed Zenata
 47456 | Vaults:3 | Killed Zenata
 47626 | Vaults:3 | Identified the +0 pair of boots of Subjectivity {rPois
                  | Will+ SInv}
 47781 | Vaults:3 | Noticed Xtahua
 47782 | Vaults:3 | Noticed Donald
 47795 | Vaults:3 | Killed Xtahua
 47799 | Vaults:3 | Killed Donald
 47938 | Vaults:3 | XOM: summons 14 hostile demons
 48073 | Vaults:3 | Gained mutation: You are vulnerable to heat. (rF-)
                  | [mutagenic glow]
 48086 | Vaults:3 | Killed Ugguttuj's ghost
 48099 | Vaults:3 | Gained mutation: Potions are less effective at restoring
                  | your health. [mutagenic glow]
 48209 | Vaults:3 | Identified the +2 pair of gloves of Uskayaw's Supremacy
                  | {rF+}
 48232 | Vaults:3 | Lost mutation: You are agile. (Dex +4, Str/Int -1) [potion
                  | of mutation]
 48232 | Vaults:3 | Lost mutation: Your mind is acute. (Int +4, Str/Dex -1)
                  | [potion of mutation]
 48232 | Vaults:3 | Gained mutation: You are partially covered in iridescent
                  | scales. (AC +2) [potion of mutation]
 48232 | Vaults:3 | Gained mutation: You possess an exceptional clarity of
                  | mind. [potion of mutation]
 48313 | Vaults:4 | Lost mutation: Your movements are less encumbered by
                  | armour. (ER -4) [potion of mutation]
 48313 | Vaults:4 | Lost mutation: You are vulnerable to heat. (rF-) [potion of
                  | mutation]
 48313 | Vaults:4 | Lost mutation: Your flesh is very cold resistant. (rC++)
                  | [potion of mutation]
 48313 | Vaults:4 | Lost mutation: You passively map a small area around you.
                  | [potion of mutation]
 48313 | Vaults:4 | Gained mutation: You are somewhat resistant to further
                  | mutation. [potion of mutation]
 48482 | Vaults:4 | Found Giskagaf's Weapon Shoppe.
 48777 | Vaults:4 | Noticed Boris
 48783 | Vaults:4 | Killed Boris
 49209 | Vaults:4 | XOM: give mutations
 49209 | Vaults:4 | Gained mutation: Armour fits poorly on your strangely
                  | shaped body. [Xom's mischief]
 49209 | Vaults:4 | Lost mutation: You are partially covered in iridescent
                  | scales. (AC +2) [Xom's mischief]
 49209 | Vaults:4 | Gained mutation: Your mind is acute. (Int +4, Str/Dex -1)
                  | [Xom's mischief]
 49735 | Depths:1 | Entered Level 1 of the Depths
 49760 | Depths:1 | XOM: 3-stop teleportation journey
 49799 | Depths:1 | Found a one-way gateway to a ziggurat.
 49852 | Depths:1 | XOM: give mutations
 49852 | Depths:1 | Lost mutation: Your flesh is cold resistant. (rC+) [Xom's
                  | mischief]
 49852 | Depths:1 | Lost mutation: Your muscles are very strong. (Str +8,
                  | Int/Dex -2) [Xom's mischief]
 49951 | Depths:1 | Found an iron altar of Okawaru.
 50203 | Depths:1 | Found a sparkling altar of Nemelex Xobeh.
 50372 | Depths:1 | Found a one-way gate to the infinite horrors of the Abyss.
 50375 | Depths:1 | Reached XP level 25. HP: 254/254 MP: 27/27
 50400 | Depths:1 | Found a gateway to Hell.
 50718 | Depths:2 | Found an ancient bone altar of Kikubaaqudgha.
 50746 | Depths:2 | XOM: summons 8 hostile demons
 50753 | Depths:2 | Identified the ring of Voebod {Ice rCorr MP+9 Stlth+}
 50753 | Depths:2 | Noticed Josephina
 50761 | Depths:2 | Killed Josephina
 50951 | Depths:2 | Found a viscous altar of Jiyva.
 51056 | Depths:2 | Noticed Grunn
 51064 | Depths:2 | Killed Grunn
 51087 | Depths:2 | Gained mutation: You are frail. (-10% HP) [a shining eye]
 51102 | Depths:2 | XOM: give mutations
 51102 | Depths:2 | Lost mutation: You are somewhat resistant to further
                  | mutation. [Xom's mischief]
 51102 | Depths:2 | Lost mutation: Your system is resistant to poisons. (rPois)
                  | [Xom's mischief]
 51102 | Depths:2 | Lost mutation: Your muscles are strong. (Str +4, Int/Dex
                  | -1) [Xom's mischief]
 51290 | Depths:2 | Found Risomiont's Jewellery Shoppe.
 51291 | Depths:2 | Found Deppef's Book Boutique.
 51292 | Depths:2 | Found Ege Ykyx's Jewellery Shoppe.
 51306 | Depths:2 | XOM: summons 1 hostile demon
 51328 | Depths:2 | Found Beola's Antique Armour Shoppe.
 51336 | Depths:2 | Noticed Saint Roka
 51371 | Depths:2 | Killed Saint Roka
 51986 | Depths:2 | Found a sacrificial altar of Ru.
 52103 | Depths:3 | XOM: noise
 52202 | Depths:3 | Reached skill level 27 in Fighting
 52275 | Depths:3 | XOM: noise
 52480 | Depths:3 | Found a runed translucent door.
 52531 | Depths:3 | Identified the +1 halberd of the Shining Light {flame, Fly
                  | Int+2}
 52562 | Depths:3 | Identified the +0 short sword of Anigakk {flame, rF+ Str+3}
 52659 | Depths:3 | Reached XP level 26. HP: 213/239 MP: 29/29
 52867 | Depths:4 | Entered Level 4 of the Depths
 53095 | Depths:4 | Reached skill level 27 in Shields
 53175 | Depths:4 | Found Neah's General Store.
 53182 | Depths:4 | Bought a potion of curing for 63 gold pieces
 53327 | Depths:4 | Reached skill level 10 in Invocations
 53381 | Depths:4 | XOM: summons 14 hostile demons
 53541 | Depths:4 | Found a gate to the Realm of Zot.
 53627 | Depths:4 | Found Cigethru's Antique Weapon Boutique.
 53799 | Depths:4 | XOM: scenery: 1 doors close
 53886 | Depths:4 | Found Nomu's Weapon Emporium.
 54426 | Vaults:5 | Entered Level 5 of the Vaults
 54430 | Vaults:5 | Was placed under penance by the Shining One
 54456 | Vaults:5 | Reached skill level 27 in Armour
 54457 | Vaults:5 | Identified the orb of Zin's Wrath {*channel, rC+ rN+}
 54457 | Vaults:5 | Noticed Frederick
 55009 | Vaults:4 | Lost mutation: You are frail. (-10% HP) [potion of
                  | mutation]
 55009 | Vaults:4 | Lost mutation: Your movements are slightly less encumbered
                  | by armour. (ER -2) [potion of mutation]
 55009 | Vaults:4 | Lost mutation: Armour fits poorly on your strangely shaped
                  | body. [potion of mutation]
 55009 | Vaults:4 | Gained mutation: Your flesh is cold resistant. (rC+)
                  | [potion of mutation]
 55009 | Vaults:4 | Gained mutation: You have hidden genetic potential. [potion
                  | of mutation]
 55009 | Vaults:4 | Gained mutation: Your muscles are strong. (Str +4, Int/Dex
                  | -1) [potion of mutation]
 55056 | Vaults:5 | Reached skill level 27 in Axes
 55080 | Vaults:5 | Killed Frederick
 55091 | Vaults:5 | Killed the ghostly Frederick
 55098 | Vaults:5 | Noticed Boris
 55356 | Vaults:5 | Was forgiven by the Shining One
 55405 | Vaults:5 | XOM: swap monsters
 55406 | Vaults:5 | Identified the ring of the Greedy {rElec rPois rF++ rC-
                  | rCorr}
 55439 | Vaults:5 | Identified the ring of Zouciu {Fire rN+ Str+4 Dex+3}
 55445 | Vaults:5 | Identified the amulet "Trusted Companion" {Faith rC+ rN+
                  | Int+3}
 55453 | Vaults:5 | Identified the +6 flail of Extremism {venom, rN+ Str+5
                  | Dex-4}
 55465 | Vaults:5 | Identified the ring "Fodyseyss" {rF+ Int+4 Stlth-}
 55494 | Vaults:5 | Killed Boris
 55742 | Vaults:5 | Identified the +8 pearl dragon scales of Bacakhlul {Harm
                  | rN+}
 55843 | Vaults:5 | XOM: scenery: 1 doors close
 55845 | Vaults:5 | Got a silver rune of Zot
 55982 | Vaults:5 | Identified the +5 short sword of Wisdom {pain, *Slow rElec
                  | Dex+3}
 55986 | Vaults:5 | Identified the +3 quarterstaff "Fepsich" {elec, Fly rElec
                  | rC+}
 56017 | Vaults:5 | Identified the +1 whip "Reaptei" {drain, *Rage +Blink rF+
                  | SInv}
 56209 | Vaults:5 | XOM: give mutations
 56209 | Vaults:5 | Lost mutation: Potions are less effective at restoring your
                  | health. [Xom's mischief]
 56209 | Vaults:5 | Gained mutation: Armour fits poorly on your strangely
                  | shaped body. [Xom's mischief]
 56209 | Vaults:5 | Gained mutation: Your natural rate of healing is unusually
                  | fast. [Xom's mischief]
 56803 | Depths:4 | XOM: torment (174/266 hp)
 57077 | Zot:1    | Entered Level 1 of the Realm of Zot
 57079 | Zot:1    | XOM: noise
 57079 | Zot:1    | Was forgiven by Xom
 57169 | Zot:1    | Reached skill level 15 in Invocations
 57429 | Zot:1    | Noticed an orb of fire
 57438 | Zot:1    | Gained mutation: You occasionally lose the ability to read
                  | scrolls when taking damage. [an orb of fire]
 57440 | Zot:1    | Gained mutation: You occasionally shout uncontrollably at
                  | your foes. [an orb of fire]
 57447 | Zot:1    | Killed an orb of fire
 57547 | Zot:1    | Reached XP level 27. HP: 260/273 MP: 33/33
 58466 | Zot:5    | Entered Level 5 of the Realm of Zot
 58487 | Zot:5    | Gained mutation: You are agile. (Dex +4, Str/Int -1)
                  | [hidden potential]
 58679 | Zot:5    | Noticed an orb of fire
 58680 | Zot:5    | Noticed an orb of fire
 58680 | Zot:5    | Lost mutation: Your flesh is cold resistant. (rC+) [an orb
                  | of fire]
 58686 | Zot:5    | Gained mutation: You sometimes lose the ability to read
                  | scrolls when taking damage. [an orb of fire]
 58689 | Zot:5    | Gained mutation: You frequently scream uncontrollably at
                  | your foes. [an orb of fire]
 58693 | Zot:5    | Killed an orb of fire
 58694 | Zot:5    | Noticed an orb of fire
 58695 | Zot:5    | Gained mutation: Your body sometimes deteriorates upon
                  | taking damage. [an orb of fire]
 58695 | Zot:5    | Noticed an orb of fire
 58697 | Zot:5    | Noticed an orb of fire
 58698 | Zot:5    | Noticed an orb of fire
 58702 | Zot:5    | Lost mutation: You sometimes lose the ability to read
                  | scrolls when taking damage. [an orb of fire]
 58703 | Zot:5    | Lost mutation: Your muscles are strong. (Str +4, Int/Dex
                  | -1) [an orb of fire]
 58705 | Zot:5    | Killed an orb of fire
 58708 | Zot:5    | Gained mutation: You are weak. (Str -2) [an orb of fire]
 58709 | Zot:5    | Gained mutation: Your spells are a little easier to cast,
                  | but a little less powerful. [an orb of fire]
 58711 | Zot:5    | Gained mutation: You occasionally lose the ability to drink
                  | potions when taking damage. [an orb of fire]
 58714 | Zot:5    | Killed an orb of fire
 58715 | Zot:5    | Gained mutation: Your spells are easier to cast, but less
                  | powerful. [an orb of fire]
 58716 | Zot:5    | Gained mutation: Your spells are much easier to cast, but
                  | much less powerful. [an orb of fire]
 58728 | Zot:5    | Noticed an orb of fire
 58728 | Zot:5    | Noticed an orb of fire
 58733 | Zot:5    | Noticed an ancient lich
 58744 | Zot:5    | Lost mutation: Your mind is acute. (Int +4, Str/Dex -1) [an
                  | orb of fire]
 58745 | Zot:5    | Got the Orb of Zot
 58746 | Zot:5    | Noticed an orb of fire
 58748 | Zot:5    | Noticed an orb of fire
 58748 | Zot:5    | Noticed an orb of fire
 58753 | Zot:5    | Noticed an ancient lich
 58756 | Zot:5    | Gained mutation: You are frail. (-10% HP) [mutagenic glow]
 58785 | Zot:5    | Lost mutation: You possess an exceptional clarity of mind.
                  | [mutagenic glow]
 58797 | Zot:5    | Gained mutation: You are very weak. (Str -4) [mutagenic
                  | glow]
 58954 | Zot:4    | Noticed Cuqon the pandemonium lord
 59149 | Depths:1 | Noticed Opounwai the pandemonium lord
 59158 | Depths:1 | Killed Opounwai the pandemonium lord
 59448 | D:9      | Noticed Zatwu the pandemonium lord
 59461 | D:9      | Killed Zatwu the pandemonium lord
 59817 | D:3      | Noticed Weralui the pandemonium lord
 60021 | D:$      | Escaped with the Orb!

Illustrated notes

Levels and vault maps discovered:
D:1:      dpeg_arrival_rooms_with_view, layout_basic, serial_shops, shop,
          shapermc_ecumenical_altar_mp_vishouse, reono_crystal_passage
D:2:      layout_loops_ring
D:3:      layout_rooms, serial_aquarium, aquarium_bridge_long_joined
          [aquarium_subvault_window, aquarium_subvault_balcony,
          aquarium_subvault_bridge, aquarium_subvault_wall,
          aquarium_subvault_bridge, aquarium_subvault_wall], aquarium_window_2,
          aquarium_window_2, aquarium_view_2c, aquarium_view_2b,
          aquarium_balcony_1b, serial_shops, shop
D:4:      layout_basic, nzn_overflow_gifts_of_might_and_magic,
          minmay_temple_entry_stoned_glass, roderic_serpentine_path, uniq_edmund
D:5:      layout_basic, nicolae_ossuary_entry_ruins, uniq_duvessa, uniq_grinder
D:6:      layout_gridville, slow_altar_1
D:7:      minmay_s_stair_smasher, layout_basic, nicolae_overflow_two_pavilions
D:8:      layout_basic, enter_bailey_3
D:9:      layout_stronghold, nicolae_qazlal_style_of_elements,
          dpeg_oklobed_lair, serial_shops, nicolae_shop_dealshenge,
          minmay_statue_bubble
D:10:     lemuel_vampire_tower, layout_irregular_city,
          nicolae_dithmenos_through_a_glass_darkly,
          mainiacjoe_overflow_surrounded_room, serial_rivers,
          chequers_serial_rivers_room_b, chequers_serial_rivers_marsh,
          chequers_serial_rivers_small_b, chequers_serial_rivers_marsh,
          enter_trove_3, due_unseen_surprise, uniq_snorg
D:11:     layout_basic
D:12:     kennysheep_six_static_rooms, layout_irregular_city, uniq_rupert
D:13:     layout_basic, portal_ice_cave_entry_pillars_1
D:14:     layout_basic, erik_vaults_1
D:15:     grunt_enter_depths_snipers, layout_rooms,
          nicolae_gozag_cash_rules_everything_around_me
Temple:   nicolae_temple_ecumenical_triangle
Lair:1:   layout_chaotic_city, gammafunk_ghost_grave
Lair:2:   layout_hall_layers, serial_bayou_pond_d, grunt_forest_stairs_clearing,
          grunt_megastairs_4, serial_bayou_shore_b, uniq_maggie, uniq_amaemon
Lair:3:   layout_hall_layers, skrybe_swamp_entry_bodies,
          guppyfry_snake_entry_garden
Lair:4:   layout_misc_corridors, nicolae_slime_entry_slimehenge,
          serial_bayou_shore_a, infiniplex_staircase_pool
Lair:5:   guppyfry_lair_end_dragon, layout_regular_city, wormcave,
          serial_bayou_pond_a, wad_woods_river_02, chequers_serial_rivers_room_b
Swamp:1:  nicolae_swamp_flooded_prison, layout_basic_swamp, serial_swamp_ruin,
          hangedman_swamp_ruin_wall, evilmike_swamp_ruin_house_6
Swamp:2:  layout_falls_marsh, evilmike_swamp_ruin_house_4
Swamp:3:  layout_basic_swamp, evilmike_swamp_ruin_house_1, swamp_pool_1_2
Swamp:4:  swamp_alternative, layout_basic_swamp
Snake:1:  layout_chambers, chequers_hall_statues_corner_a, uniq_asterion,
          uniq_frances
Snake:2:  layout_grid_maze, basic_altar
Snake:3:  nicolae_sea_snake_s, layout_layer_cave, nicolae_snake_lava_pool
Snake:4:  snake_pit, layout_chambers, basic_altar,
          nicolae_snake_snakes_in_the_grass
Orc:1:    layout_caves, serial_shops, shop, basic_altar, guppyfry_orc_lava_fort,
          uniq_fannar
Orc:2:    pf_orc_diabolical, layout_caves
Elf:1:    nicolae_elf_arrival_fired_up, layout_geoelf_grid, serial_shops,
          bzr_entry_gold, mu_enter_wizlab_6, kennysheep_underground_church,
          kilobyte_mutagenic_chamber, uniq_agnes, uniq_jorgrun
Elf:2:    nicolae_elf_blades_splatter_lattice [nicolae_blade_bullseye],
          layout_loops_corners, gammafunk_ghost_grave
Elf:3:    minmay_elf_hall_furrowed, layout_geoelf_castle,
          nicolae_shop_vocational, grunt_megastairs_1
Vaults:1: nicolae_vaults_lightning_bolt, nicolae_vaults_closet_pinwheel_5,
          hangedman_vaults_snaps, v_misc_12, nicolae_vaults_theta,
          nicolae_vaults_double_plus_1, vaults_room_semicircle,
          grunt_vaults_funnel, vaults_room_corners, v_misc_27,
          nicolae_vaults_offset_grid_hallway_3, vaults_room_door_ring,
          vaults_room_stairs_pillars, st_spiral_rooms, vaults_room_hallway,
          layout_vaults_omnibox, serial_shops, shop
Vaults:2: emtedronai_trogs_sanctum, nicolae_vaults_specimen_jars,
          v_alt_pattern_4, minmay_crypt_entry_nasty_monster,
          nicolae_vaults_storage_room_glass, v_misc_32,
          nicolae_vaults_rhombus_6, v_pattern_3, hangedman_vaults_slice,
          ontoclasm_vaults_gateway, nicolae_vaults_heart-shaped_vault,
          nicolae_vaults_double_plus_1, layout_vaults_omnicross, serial_shops,
          shop, uniq_mennas
Vaults:3: gammafunk_ghost_tricky_traps, vaults_dpeg_diagonal,
          nicolae_vaults_closet_pinwheel_1, nicolae_vaults_hexular_roomagon,
          nicolae_vaults_double_plus_2, vaults_mumra_chevron,
          kennysheep_ogre_elephant_herders, nicolae_vaults_yaktaur_gun_rack,
          nicolae_vaults_little_squares_6, hangedman_vaults_impose,
          ontoclasm_vaults_chip, nicolae_vaults_trapezoid_1,
          nicolae_vaults_house_1, layout_vaults_ring, uniq_bai_suzhen,
          uniq_donald, uniq_zenata, uniq_xtahua
Vaults:4: grunt_vaults_trifunnel, nicolae_vaults_prndl,
          nicolae_vaults_frosty_reception, nicolae_vaults_closet_pinwheel_1,
          v_alt_pattern_3, nicolae_vaults_twisting_passages,
          nicolae_vaults_trapezoid_lopsided_2, nicolae_vaults_tetromino_L_2,
          nicolae_vaults_storage_closets_1, nicolae_vaults_wine_cellar,
          layout_vaults_omnigrid, serial_shops, shop
Vaults:5: uniq_frederick
Crypt:1:  layout_gridlike, nicolae_danse_macabre, grunt_crypt_arrival_webbed,
          uniq_khufu
Crypt:2:  gammafunk_sealed_arena, layout_misc_corridors, uniq_margery,
          uniq_sojobo, uniq_boris
Crypt:3:  quadcrypt_mu
Depths:1: layout_gridville, enter_ziggurat_a, minmay_room_of_horrors,
          okawaru_ov_weapons_minmay, hell_entry, nemelex_lonely_heart_becter
Depths:2: dreamdust_under_siege, layout_gridlike, pf_hell_entry_great_geh,
          rand_demon_pan_entry_3, nicolae_ru_path_of_blood, special_room
          [special_room_jelly], serial_shops, nicolae_shop_stone,
          nicolae_tricolors, minmay_shop_grove, minmay_staircase_statues,
          uniq_saint_roka, uniq_grunn, uniq_josephina
Depths:3: minmay_diamond_stairs, layout_cave_pools, abyss_entry,
          grunt_metal_band, minmay_st_funbox, minmay_misc_feat_iff,
          minmay_staircase_windowed_small
Depths:4: grunt_zot_entry_pinwheel, layout_gridlike, serial_bayou_ford_a,
          serial_shops, shop, nicolae_shop_back_alley_shop, shop,
          grunt_hell_entry_dis_mu
Zot:1:    layout_onion_interference, regret_index_zot_stipple_split,
          st_large_dragon_hoard_1
Zot:2:    layout_concentric_octagons
Zot:3:    hangedman_orp_of_zott, layout_gridville, st_single_dragon_hoard_1
Zot:4:    lemuel_firehouse, layout_concentric_octagons
Zot:5:    layout_cellular_growth, hangedman_zot_decor_slant

Skill      XL: |  1  2  3  4  5  6  7  8  9 10 11 12 13 14 15 16 17 18 19 20 21 22 23 24 25 26 27 |
---------------+----------------------------------------------------------------------------------+-----
Fighting       | 4 5 6 8 9 11 13 14 15 16 18 19 20 21 22 23 24 25 26 27 | 27.0
Axes           | 3 4 5 6 7 9 11 13 14 15 16 17 19 20 21 22 23 24 25 26 27 | 27.0
Shields        | 4 5 6 7 8 9 11 12 14 15 16 18 19 21 22 23 25 26 27 | 27.0
Armour         | 5 7 10 12 14 15 16 18 19 21 22 24 26 27 | 27.0
Evocations     | 3 5 |  5.0
Invocations    | 4 7 9 15 20 | 20.7

Action                     |  1- 3 |  4- 6 |  7- 9 | 10-12 | 13-15 | 16-18 | 19-21 | 22-24 | 25-27 || total
---------------------------+-------+-------+-------+-------+-------+-------+-------+-------+-------++-------
  Melee: War axe           |    88 |    81 |   182 |       |       |       |       |       |       ||   351
         Headbutt          |    13 |    11 |    65 |    36 |   122 |    54 |   147 |   405 |   567 ||  1420
         Broad axe         |       |       |   129 |   191 |   574 |   280 |   662 |  1173 |  1454 ||  4463
         Bite              |       |       |       |    16 |    21 |       |       |       |       ||    37
 Invoke: Divine Shield     |       |       |       |       |       |       |       |     1 |       ||     1
         Brand Weapon With |       |       |       |       |       |       |       |     1 |       ||     1
  Evoke: Wand              |       |       |       |       |     6 |       |     1 |       |     5 ||    12
         Phantom mirror    |       |       |       |       |     2 |     1 |     1 |       |     1 ||     5
         Box of beasts     |       |       |       |       |     2 |     1 |     1 |       |       ||     4
         Phial of floods   |       |       |       |       |       |       |       |       |     1 ||     1
    Use: Scroll            |     2 |     5 |     9 |    10 |    15 |     5 |    16 |    14 |    21 ||    97
         Potion            |     1 |       |       |    13 |    12 |    12 |     5 |    16 |    11 ||    70
   Stab: Confused          |       |       |     2 |     2 |     4 |       |     1 |     3 |       ||    12
         Petrifying        |       |       |       |     1 |       |       |       |       |       ||     1
         Distracted        |       |       |       |     1 |    12 |     2 |     8 |     7 |       ||    30
         Petrified         |       |       |       |       |     1 |       |     1 |       |       ||     2
         Paralysed         |       |       |       |       |       |       |     1 |       |       ||     1
 Armour: Scale mail        |    61 |    17 |       |       |       |       |       |       |       ||    78
         Chain mail        |       |    38 |   259 |    62 |       |       |       |       |       ||   359
         Plate armour      |       |       |       |    63 |   190 |       |       |       |       ||   253
         Crystal plate arm |       |       |       |       |   199 |   231 |   639 |   557 |   311 ||  1937
         Gold dragon scale |       |       |       |       |       |       |       |       |   615 ||   615
  Dodge: Dodged            |    51 |    25 |   111 |    31 |   115 |    45 |   133 |   139 |   199 ||   849
  Block: Buckler           |    17 |    17 |   119 |    95 |    93 |       |       |       |       ||   341
         Reflection        |       |       |       |     2 |    33 |    35 |     2 |   108 |    56 ||   236
         Kite shield       |       |       |       |       |   240 |   151 |   155 |       |       ||   546
         Tower shield      |       |       |       |       |       |       |   391 |  1378 |  2038 ||  3807
